AoeStats
← TermedSine3328

Nomad

510459117Analyzed
4v4 RM · 1d ago on Oct 1, 2026· 34m 12s· 8 players
Game mode
Random Map
Map size
231×231
Population
200
Speed
Normal
Resources
Standard
Victory
Conquest
Starting age
Dark Age
Ending age
Imperial Age
RankedLock teamsTeams togetherTeam positionsShared explorationLock speedFull tech treeHidden civsTurbo modeCheats
Victory
Defeat
🇨🇦 Japanese · Canada
977
+15
🇳🇮 Koreans · Nicaragua
938
+17
🇳🇮 Wei · Nicaragua
930
+17
🇹🇼 Wei · Taiwan
928
+17
🇺🇸 Lithuanians · United States
963
-17
🇨🇱 Saracens · Chile
955
-16
🇵🇪 Spanish · Peru
955
-49
🇦🇷 Ethiopians · Argentina
931
-16
Juan Carlos Bodoque
5:36 Loom
16:01 Feudal Age
18:12 Fletching
18:34 Forging
19:11 Horse Collar
22:04 Fishing Lines
25:27 Castle Age
26:19 Gold Mining
26:24 Stone Mining
26:39 Gillnets
29:27 Wheelbarrow
29:26 Caravan
29:47 Bodkin Arrow
30:42 Ballistics
31:15 Medium Warships
31:53 Iron Casting
✪ ahahaha
DUNCAN
6:28 Loom
12:52 Feudal Age
16:27 Horse Collar
17:16 Fletching
20:18 Gold Mining
25:54 Castle Age
25:50 Double-Bit Axe
26:03 Crossbowman
26:49 Thumb Ring
27:13 Heavy Plow
TermedSine3328
17:09 Loom
24:07 Feudal Age
24:20 Man-at-Arms
djowyn
6:54 Loom
16:52 Feudal Age
17:46 Double-Bit Axe
19:10 Fishing Lines
21:41 Horse Collar
23:18 Gold Mining
23:19 Stone Mining
25:56 Castle Age
24:38 Bloodlines
24:39 Scale Barding Armor
27:39 Gillnets
28:01 Husbandry
27:51 Pikeman
29:42 Wheelbarrow
31:30 Forging
31:41 Chain Barding Armor
31:18 Town Watch
33:50 Iron Casting
34:31 Hand Cart
thegladiator989
7:13 Loom
15:38 Feudal Age
16:07 Fishing Lines
17:07 Wheelbarrow
16:41 Gold Mining
18:25 Double-Bit Axe
18:37 Stone Mining
19:58 Forging
19:49 Scale Mail Armor
19:49 Padded Archer Armor
19:40 Fletching
23:24 Castle Age
23:38 Horse Collar
25:22 Hand Cart
25:12 Gillnets
26:07 Clinker Construction
25:39 Treadmill Crane
26:09 Masonry
26:39 Heavy Plow
26:56 Bow Saw
26:46 Bodkin Arrow
28:17 Town Watch
29:14 Gold Shaft Mining
29:07 Medium Warships
29:31 Murder Holes
29:47 Careening
32:40 Ballistics
35:49 Imperial Age
mperez
4:56 Loom
14:01 Feudal Age
16:21 Double-Bit Axe
16:17 Horse Collar
18:54 Wheelbarrow
22:49 Castle Age
21:10 Fletching
23:44 Bow Saw
23:35 Heavy Plow
23:32 Bodkin Arrow
23:59 Crossbowman
26:44 Hand Cart
29:15 Town Watch
35:25 Imperial Age
TAE_YANG
11:33 Loom
15:44 Feudal Age
18:39 Double-Bit Axe
21:03 Castle Age
21:04 Man-at-Arms
22:59 Scale Mail Armor
23:56 Scale Barding Armor
25:23 Bloodlines
25:14 Husbandry
25:36 Chain Barding Armor
25:26 Forging
26:44 Fishing Lines
29:35 Wheelbarrow
29:49 Horse Collar
30:53 Hand Cart
31:13 Gold Mining
31:14 Stone Mining
32:30 Heavy Plow
Connection lost

Rejoining the realm…

Still unreachable

The connection could not be restored.

Session expired

The server has moved on; the page needs a fresh start.